 Dungeon Crawl Stone Soup version 0.29.1-15-g9cfb28693d (webtiles) character file.

Game seed: 11633898252598795682

5326 adizb the Frost Mage (level 10, -4/74 HPs)
             Began as a Human Ice Elementalist on Apr 19, 2023.
             Was a Priest of Cheibriados.
             Shot with a bolt by an orc warrior (24 damage)
             ... on level 9 of the Dungeon.
             The game lasted 00:41:53 (6027 turns).

adizb the Frost Mage (Human Ice Elementalist)       Turns: 6027, Time: 00:41:54

Health: -4/74      AC:  9    Str: 14    XL:     10   Next: 96%
Magic:  20/20      EV: 17    Int: 31    God:    Cheibriados [***...]
Gold:   271        SH:  0    Dex: 21    Spells: 9/22 levels left

rFire   . . .      SeeInvis .   c - +1 quarterstaff (spect)
rCold   . . .      Faith    .   (shield currently unavailable)
rNeg    . . .      Spirit   .   y - +2 robe
rPois   .          Reflect  .   C - +0 helmet
rElec   .          Harm     .   k - +0 cloak {Stlth+}
rCorr   +          Rampage  .   (no gloves)
Will    .....                   z - +0 pair of boots
Stlth   ++++......              h - amulet of magic regeneration
HPRegen 1.02/turn               e - ring of resist corrosion
MPRegen 0.57/turn               d - +6 ring of intelligence

@: unable to drink, very slow
A: iridescent scales 1, regeneration 1, inability to drink after injury 1
a: Renounce Religion, Bend Time, Temporal Distortion


You were on level 9 of the Dungeon.
You worshipped Cheibriados.
Cheibriados was most pleased with you.
You visited 2 branches of the dungeon, and saw 10 of its levels.

You collected 471 gold pieces.
You spent 200 gold pieces at shops.

Inventory:

Hand Weapons
 c - a +1 spectral quarterstaff (weapon)
Armour
 k - a +0 cloak of stealth (worn)
 l - a scarf of shadows
 s - a +0 buckler
 y - a +2 robe (worn)
 z - a +0 pair of boots (worn)
 C - a +0 helmet (worn)
 H - a +0 kite shield
Jewellery
 d - a +6 ring of intelligence (right hand)
 e - a ring of resist corrosion (left hand)
 h - an amulet of magic regeneration (around neck)
 m - a ring of flight
 v - a ring of protection from fire
Wands
 w - a wand of charming (9)
 x - a wand of polymorph (5)
 B - a wand of roots (13)
Scrolls
 a - a scroll of immolation {unknown}
 f - 3 scrolls of fog
 j - a scroll of summoning {unknown}
 n - a scroll of fear {unknown}
 q - a scroll of poison
 r - 5 scrolls of teleportation
 u - a scroll of enchant armour {unknown}
 A - a scroll of silence {unknown}
 E - 3 scrolls of vulnerability
 F - a scroll of brand weapon {unknown}
 G - a scroll of amnesia {unknown}
Potions
 b - 2 potions of magic
 g - 4 potions of might
 i - 2 potions of flight
 o - 3 potions of heal wounds {unknown}
 t - 5 potions of curing {unknown}
 D - 2 potions of brilliance {unknown}
 I - a potion of lignification {unknown}


   Skills:
 - Level 5.0 Fighting
 - Level 5.0 Staves
 + Level 6.7 Dodging
 - Level 4.0 Stealth
 + Level 6.9 Spellcasting
 + Level 4.5 Hexes
 - Level 3.0 Transmutations
 + Level 8.2 Ice Magic


You had 9 spell levels left.
You knew the following spells:

 Your Spells              Type           Power      Damage    Failure   Level
a - Freeze                Ice            100%       1d11      1%          1
b - Frozen Ramparts       Ice            100%       1d16      1%          3
c - Hailstorm             Conj/Ice       36%        3d9       9%          4
d - Ozocubu's Armour      Ice            57%        N/A       1%          3
e - Passwall              Tmut/Erth      16%        N/A       3%          2

Your spell library contained the following spells:

 Spells                   Type           Power      Damage    Failure   Level
 Ensorcelled Hibernation  Hex/Ice        100%       N/A       1%          2
 Confusing Touch          Hex            38%        N/A       1%          3
 Summon Small Mammal      Summ           40%        N/A       4%          1
 Inner Flame              Hex/Fire       24%        N/A       5%          3
 Summon Guardian Golem    Hex/Summ       24%        N/A       5%          3
 Cause Fear               Hex            19%        N/A       7%          4
 Metabolic Englaciation   Hex/Ice        25%        N/A       9%          5
 Call Canine Familiar     Summ           10%        N/A       14%         3
 Swiftness                Air            10%        N/A       14%         3
 Yara's Violent Unravell  Hex/Tmut       17%        3d8       26%         5
 Simulacrum               Ice/Necr       18%        N/A       77%         6
 Enfeeble                 Hex            19%        N/A       99%         7
 Discord                  Hex            19%        N/A       100%        8


Dungeon Overview and Level Annotations

Branches:
Dungeon (9/15)             Temple (1/1) D:6
   Lair: D:8-11         Orc: D:9-12

Altars:
Ashenzari
Cheibriados
Dithmenos
Elyvilon
Fedhas
Gozag
Hepliaklqana
Kikubaaqudgha
Makhleb
Nemelex Xobeh
Okawaru
Qazlal
Sif Muna
Trog
Uskayaw
Vehumet
Wu Jian
Xom
Yredelemnul
Zin
The Shining One

Shops:
D:2 *   D:3 :


Innate Abilities, Weirdness & Mutations

You are partially covered in iridescent scales. (AC +2)
Your natural rate of healing is unusually fast.
You occasionally lose the ability to drink potions when taking damage.


Message History

Press: ? - help, Q - select action, (/) - cycle Dir - look around, f - activate The walls around you are covered in ice.
The orc warrior shouts!
The wall freezes the orc warrior!
The wall freezes the orc warrior.
The orc warrior unwields a +0 halberd.
The orc warrior wields a +4 arbalest of freezing.
It is covered in frost.
The orc warrior shoots a bolt.
The bolt hits you! The bolt freezes you.
You hear a shout!
You hear an angry buzzing noise.
The wall freezes the orc warrior.
The orc warrior shoots a bolt.
The bolt closely misses you.
The wall freezes the orc warrior but does no damage.
The orc warrior shoots a bolt.
The bolt hits you!! The bolt freezes you.
Your frozen ramparts will break if you move.
Continue?
The frozen ramparts melt away as you move.
The orc warrior unwields a +4 arbalest of freezing.
The orc warrior wields a +0 halberd.
The orc warrior hits you with a +0 halberd!
You feel threatened and lose the ability to drink potions!
* * * LOW HITPOINT WARNING * * *
A kobold demonologist comes into view. It is wielding a +0 dagger.
The orc warrior misses you.
Blink to where?
Press: ? - help, Dir - move target
As you read the scroll of blinking, it crumbles to dust.
You cannot drink potions in your current state!
Okay, then.
The orc warrior unwields a +0 halberd.
The orc warrior wields a +4 arbalest of freezing.
It is covered in frost.
The orc warrior shoots a bolt.
The bolt barely misses you.
The orc warrior shoots a bolt.
The bolt hits you!
* * * LOW HITPOINT WARNING * * *
The bolt freezes you.
* * * LOW HITPOINT WARNING * * *
Unknown command.
The orc warrior shoots a bolt.
The bolt barely misses you.
The orc warrior shoots a bolt.
The bolt hits you!!
You die...

##.#[#...#.#(#.......#
#..##'.....'##....oK##
#.#...##'##...#.....#
##.....#...#........##
#......#...#........#
#......#()[#........#
#..#...#####.).#....#
#...##'.....'##..#.##
#...#)#.###.#.#.@..#
#...###..#..###..###
#..#...#.#.#...#.#
#....#...#...#...#
#.).........######
#############


You could see a kobold demonologist and an orc warrior.

Vanquished Creatures
  An unseen horror zombie (D:8)
  Sigmund (D:4)
  5 yaks (D:9)
  A wraith (D:9)
  A steam dragon (D:9)
  Menkaure (D:6)
  An acid dragon (D:9)
  A water moccasin (D:7)
  An ice beast (D:5)
  2 orc warriors (D:9)
  A sky beast (D:7)
  2 black bears
  A centaur (D:9)
  A phantom (D:5)
  2 kobold brigands
  4 bullfrogs
  2 gnoll sergeants (D:9)
  4 scorpions
  2 wyvern zombies (D:8)
  4 necrophages
  6 wights
  7 killer bees (D:7)
  A howler monkey (D:6)
  An electric eel (D:9)
  5 centaur zombies (D:8)
  3 jellies
  6 hounds
  4 orc priests
  Crazy Yiuf (D:3)
  Jessica (D:3)
  2 iguanas (D:4)
  3 orc wizards
  A killer bee zombie (D:8)
  The ghost of leafyfresh the Sneak, a weakling OpDe (D:4)
  2 howler monkey zombies (D:8)
  8 gnolls
  5 adders
  A shadow imp (D:8)
  A white imp (D:7)
  5 dart slugs
  3 worms
  28 orcs
  10 endoplasms
  8 giant cockroaches
  6 goblins
  4 hobgoblins
  8 jackals
  11 kobolds
  5 quokkas
  8 ball pythons
  8 bats
  A frilled lizard (D:1)
  7 rats
209 creatures vanquished.

Vanquished Creatures (collateral kills)
  A kobold (D:4)
1 creature vanquished.

Vanquished Creatures (others)
  A bullfrog (D:9)
  A scorpion zombie (D:6)
  A hound zombie (D:4)
  A plant (D:8)
4 creatures vanquished.

Grand Total: 214 creatures vanquished

Notes
Turn   | Place    | Note
-------+----------+-------------------------------------------
     0 | D:1      | adizb the Human Ice Elementalist began the quest for the
                  | Orb.
     0 | D:1      | Reached XP level 1. HP: 13/13 MP: 3/3
    59 | D:1      | Reached XP level 2. HP: 16/19 MP: 1/5
   622 | D:1      | Reached XP level 3. HP: 25/25 MP: 6/6
   630 | D:1      | Learned a level 3 spell: Frozen Ramparts
  1034 | D:2      | Reached XP level 4. HP: 31/31 MP: 7/7
  1171 | D:2      | Reached skill level 1 in Fighting
  1397 | D:2      | Found Lecsaot's General Store.
  1871 | D:3      | Learned a level 4 spell: Hailstorm
  1903 | D:3      | Reached skill level 1 in Staves
  1909 | D:3      | Found a glowing silver altar of Zin.
  1909 | D:3      | Found an ancient bone altar of Kikubaaqudgha.
  1910 | D:3      | Noticed Jessica
  1913 | D:3      | Killed Jessica
  1914 | D:3      | Reached XP level 5. HP: 37/37 MP: 9/9
  2068 | D:3      | You fall into a shaft and drop 1 floor!
  2126 | D:3      | Found a faded altar of an unknown god.
  2130 | D:3      | Found an iron altar of Okawaru.
  2204 | D:3      | Found Weixtud's Book Shop.
  2215 | D:3      | Gained mutation: You are partially covered in iridescent
                  | scales. (AC +2) [potion of mutation]
  2215 | D:3      | Gained mutation: Your natural rate of healing is unusually
                  | fast. [potion of mutation]
  2215 | D:3      | Gained mutation: You occasionally lose the ability to drink
                  | potions when taking damage. [potion of mutation]
  2215 | D:3      | HP: 1/37 [quokka (2)]
  2411 | D:3      | Found a runed translucent door.
  2412 | D:3      | Noticed Crazy Yiuf
  2420 | D:3      | Killed Crazy Yiuf
  2421 | D:3      | Reached XP level 6. HP: 43/44 MP: 10/10
  2502 | D:3      | Reached skill level 5 in Ice Magic
  2636 | D:4      | Reached XP level 7. HP: 42/50 MP: 12/12
  2678 | D:4      | Found a runed translucent door.
  2698 | D:4      | Noticed leafyfresh's ghost (weakling OpDe)
  2714 | D:4      | Killed leafyfresh's ghost
  2734 | D:4      | Found a runed translucent door.
  2782 | D:4      | Noticed Sigmund
  2915 | D:4      | Killed Sigmund
  3093 | D:5      | Entered Level 5 of the Dungeon
  3100 | D:5      | Learned a level 3 spell: Ozocubu's Armour
  3135 | D:5      | Reached XP level 8. HP: 18/57 MP: 12/14
  3503 | D:5      | Reached skill level 6 in Ice Magic
  3921 | D:6      | Reached skill level 5 in Spellcasting
  3921 | D:6      | Reached XP level 9. HP: 65/65 MP: 16/16
  3932 | D:6      | Noticed Menkaure
  3949 | D:6      | Killed Menkaure
  4147 | D:6      | Found an ornate altar of the Wu Jian Council.
  4157 | D:6      | Found a bloodstained altar of Trog.
  4176 | D:6      | Found a shimmering altar of Xom.
  4204 | D:6      | Found a shimmering altar of Xom.
  4205 | D:6      | Found a shimmering altar of Xom.
  4206 | D:6      | Found a shimmering altar of Xom.
  4215 | D:6      | Found a shimmering altar of Xom.
  4271 | D:6      | Found a staircase to the Ecumenical Temple.
  4280 | Temple   | Entered the Ecumenical Temple
  4339 | Temple   | Became a worshipper of Cheibriados the Contemplative
  4584 | D:7      | Reached skill level 1 in Hexes
  4656 | D:7      | Reached skill level 5 in Dodging
  4907 | D:3      | Bought a book of Burglary for 200 gold pieces
  4910 | D:3      | Learned a level 2 spell: Passwall
  4958 | D:7      | Reached * piety under Cheibriados
  5119 | D:8      | Reached skill level 1 in Transmutations
  5119 | D:8      | Reached skill level 7 in Ice Magic
  5128 | D:8      | Reached skill level 5 in Fighting
  5128 | D:8      | Reached XP level 10. HP: 48/74 MP: 18/18
  5167 | D:8      | Reached skill level 5 in Staves
  5346 | D:8      | Reached ** piety under Cheibriados
  5547 | D:8      | Found a broken altar of Ashenzari.
  5871 | D:9      | Reached skill level 8 in Ice Magic
  5937 | D:9      | Reached *** piety under Cheibriados
  6018 | D:9      | Noticed a kobold demonologist
  6027 | D:9      | Shot with a bolt by an orc warrior

Illustrated notes

Levels and vault maps discovered:
D:1:      sevenhm_arrival_forest_fort_small_4, layout_loops_ring, minivault_19,
          minmay_tetromino_l2
D:2:      layout_basic, serial_shops, nicolae_shop_hallway_plus
D:3:      layout_rooms, okawaru_gym_becter, jmf_multi_god_temple, serial_bayou,
          serial_bayou_shore_a, serial_bayou_pond_a, serial_bayou_ford_a,
          serial_bayou_pond_a, serial_shops, nicolae_shop_statue_plus,
          basic_ecumenical_altar, uniq_crazy_yiuf_cottage, uniq_jessica
D:4:      layout_cave_pools, ebering_ghost_sewer_f,
          minmay_misc_feat_secret_circle, uniq_sigmund
D:5:      black_bear_nest_2, layout_loops_cross
D:6:      layout_basic, xom_redecorated, mainiacjoe_overflow_catwalk,
          overflow_temple_1_default, minmay_temple_entry_poolview, uniq_menkaure
D:7:      layout_basic
D:8:      layout_rooms, lemuel_coloured_pillars_altar,
          grunt_lair_entry_orc_guard_hut, serial_undead, serial_undead_a,
          serial_undead_d, serial_undead_e, serial_undead_a
D:9:      minmay_slanted_spiral_squares, layout_basic, serial_shops,
          nicolae_lakefront_shop, minmay_fractal_squares_diagonal_5
Temple:   nicolae_temple_ecumenical_triangle

Skill      XL: |  1  2  3  4  5  6  7  8  9 10 |
---------------+-------------------------------+-----
Fighting       | 1 2 3 5 |  5.0
Staves         | 1 2 3 4 5 |  5.0
Spellcasting   | 3 4 5 6 |  6.9
Ice Magic      | 5 6 7 8 |  8.2
Stealth        | 3 4 |  4.0
Dodging        | 3 4 5 6 |  6.7
Hexes          | 2 4 |  4.5
Transmutations | 1 3 |  3.0

Action                   |  1- 3 |  4- 6 |  7- 9 | 10-12 || total
-------------------------+-------+-------+-------+-------++-------
Melee: Quarterstaff      |    47 |    76 |   123 |    84 ||   330
 Cast: Freeze            |     5 |    10 |    11 |     2 ||    28
       Frozen Ramparts   |       |     1 |    22 |    17 ||    40
       Ozocubu's Armour  |       |       |     1 |       ||     1
       Hailstorm         |       |       |       |     7 ||     7
  Use: Scroll            |       |     6 |     4 |     2 ||    12
       Potion            |       |     2 |       |       ||     2
 Stab: Sleeping          |    12 |    10 |     2 |     3 ||    27
Armor: Robe              |     6 |    10 |    52 |    32 ||   100
Dodge: Dodged            |    25 |    54 |    96 |    68 ||   243
